 Dungeon Crawl Stone Soup version 0.30.0-15-g856e2d3f33 (webtiles) character file.

Game seed: 11067805264508369849

1584 SnakkuSnakku7 the Destroyer (level 8, -4/56 HPs)
             Began as a Mummy Reaver on May 18, 2023.
             Was an Elder of Vehumet.
             Slain by a killer bee (8 damage)
             ... on level 6 of the Dungeon.
             The game lasted 00:10:06 (5480 turns).

SnakkuSnakku7 the Destroyer (Mummy Reaver)          Turns: 5480, Time: 00:10:06

Health: -4/56      AC:  9    Str: 15    XL:     8   Next: 61%
Magic:  17/23      EV: 11    Int: 15    God:    Vehumet [****..]
Gold:   223        SH:  5    Dex: 10    Spells: 2/16 levels left

rFire   x . .        a - +0 flail (heavy)
rCold   + . .        n - +2 buckler
rNeg    + + +        b - +0 leather armour
rPois   ∞            t - +2 helmet
rElec   .            (no cloak)
rCorr   .            (no gloves)
SInv    .            c - +2 pair of boots
Will    +....        q
                       - Hermit's Pendant {Faith Invo=14 Evo=0 MP+5}
Stlth   +            (no ring)
HPRegen 0.29/turn    (no ring)
MPRegen 0.18/turn

%: faith
@: no status effects
A: cold resistance 1, negative energy resistance 3, torment resistance 2, heat
vulnerability 1, in touch with death 1, no potions, faith
a: Renounce Religion


You were on level 6 of the Dungeon.
You worshipped Vehumet.
Vehumet was greatly pleased with you.
You visited 1 branch of the dungeon, and saw 6 of its levels.
You also visited: Sewer.

You collected 223 gold pieces.

Inventory:

Hand Weapons
 a - a +0 heavy flail (weapon)
 e - a +0 mace
Missiles
 r - 6 curare-tipped darts
Armour
 b - a +0 leather armour (worn)
 c - a +2 pair of boots (worn)
 n - a +2 buckler (worn)
 t - a +2 helmet (worn)
Magical Staves
 g - a staff of earth
 h - a staff of fire
Jewellery
 q - the Hermit's Pendant (around neck) {Faith Invo=14 Evo=0 MP+5}
   (You found it on level 4 of the Dungeon)

   [amulet of faith]

   Invo=14: It sets your Invocations skill to 14.
   Evo=0: It sets your Evocations skill to 0.
   It allows you to gain divine favour quickly.
   MP:        It affects your magic capacity (+5).
Wands
 i - a wand of charming (9)
 s - a wand of roots (7)
 u - a wand of flame (16)
Scrolls
 d - a scroll of identify
 f - a scroll of amnesia
 j - a scroll of enchant armour
 k - 2 scrolls of immolation
 m - a scroll of fog
 o - a scroll of magic mapping
 p - a scroll of vulnerability


   Skills:
 - Level 2.0 Fighting
 - Level 2.9 Maces & Flails
 - Level 1.5 Dodging
 + Level 4.7 Spellcasting
 - Level 8.2 Conjurations
 - Level 2.4 Necromancy
 - Level 2.3 Fire Magic


You had 2 spell levels left.
You knew the following spells:

 Your Spells              Type           Power      Damage    Failure   Level
a - Momentum Strike       Conj/Tloc      30%        3d8       2%          2
b - Kiss of Death         Conj/Necr      100%       2d13      1%          1
c - Magic Dart            Conj           100%       1d8       1%          1
d - Poisonous Vapours     Pois/Air       6%         N/A       12%         2
e - Ignition              Fire           5%         3d4       100%        8

Your spell library contained the following spells:

 Spells                   Type           Power      Damage    Failure   Level
 Fireball                 Conj/Fire      9%         3d6       24%         5
 Hailstorm                Conj/Ice       15%        3d5       4%          3
 Sticky Flame             Conj/Fire      19%        2d4       9%          4
 Inner Flame              Hex/Fire       7%         N/A       14%         3
 Ignite Poison            Fire/Tmut/Pois 5%         N/A       17%         3
 Yara's Violent Unravell  Hex/Tmut       1%         3d3       86%         5
 Enfeeble                 Hex            1%         N/A       100%        7


Dungeon Overview and Level Annotations

Branches:
Dungeon (6/15)              Sewer (visited)
 Temple: D:4-7

Altars:
Makhleb
Okawaru
Vehumet

Shops:
D:4 !


Innate Abilities, Weirdness & Mutations

You are immune to poison.
Your flesh is cold resistant. (rC+)
You are immune to negative energy. (rN+++)
You are immune to unholy pain and torment.
You are vulnerable to heat. (rF-)
You are in touch with the powers of death.
You do not drink.
You have a special connection with the divine. (Faith)


Message History

Aiming: Fastroot
Press: ? - help, Shift-Dir - straight line, f - killer bee, p - killer bee
Aim: a killer bee The roots erupt in riotous growth!
Roots grab the killer bee. x3
You are no longer robbed of momentum.
The grasping roots constrict the killer bee!
The grasping roots constrict the killer bee. x2
You kill the killer bee!
Vehumet accepts your kill. The killer bee stings you.
* * * LOW HITPOINT WARNING * * *
You block the killer bee's attack.
The killer bee stings you but does no damage.
The killer bee barely misses you.
Unknown command.
Unknown command.
Unknown command.
Unknown command.
The grasping roots constrict the killer bee!
The grasping roots constrict the killer bee.
The roots release their grip on the killer bee. x2
The killer bee barely misses you. x2
Aiming: Fastroot
Press: ? - help, Shift-Dir - straight line, f - killer bee, p - killer bee
Aim: a killer bee (almost dead)
The roots erupt in riotous growth!
Roots grab the killer bee. x4
The grasping roots constrict the killer bee.
You kill the killer bee!
Vehumet accepts your kill.
The grasping roots constrict the killer bee.
The grasping roots constrict the killer bee!
The grasping roots constrict the killer bee.
The killer bee struggles to escape constriction.
The killer bee stings you.
* * * LOW HITPOINT WARNING * * *
The killer bee struggles to escape constriction. x2
The killer bee stings you!
You die...

####.# #..... #
#.##y##.#.#.#
####.##........#
#......y##.#....
#.##.##.##.# #
#.###.##yy†....#
#......y†##.####
#####.##@##.# #...#
###.......# #...#
#......######## #...#
##.##..........# #...#
............##.####...##
....................>...
........................
..........†...........).
..........†.##.####...##


You could see 3 killer bees.

Vanquished Creatures
  Sigmund (D:5)
  A water moccasin (D:5)
  An ice beast (D:5)
  3 ogres (D:5)
  A kobold brigand (Sewer)
  2 bullfrogs
  2 scorpions (D:6)
  3 killer bees (D:6)
  A hound (D:5)
  2 jellies
  An orc priest (D:5)
  3 iguanas
  3 sleepcaps
  2 orc wizards (D:5)
  5 gnolls
  8 adders
  2 river rats (Sewer)
  An ufetubus (D:6)
  3 worms
  A dart slug (D:1)
  8 orcs
  5 ball pythons
  A bat (D:1)
  12 endoplasms
  7 giant cockroaches
  16 goblins
  6 hobgoblins
  6 jackals
  2 quokkas
  3 frilled lizards (D:1)
  7 kobolds
  9 rats
128 creatures vanquished.

Notes
Turn   | Place    | Note
-------+----------+-------------------------------------------
     0 | D:1      | SnakkuSnakku7 the Mummy Reaver began the quest for the Orb.
     0 | D:1      | Reached XP level 1. HP: 16/16 MP: 4/4
   196 | D:1      | Reached XP level 2. HP: 17/22 MP: 5/5
   283 | D:1      | Reached skill level 1 in Necromancy
   379 | D:1      | Gained mutation: You are in touch with the powers of death.
                  | [Mummy growth]
   379 | D:1      | Reached XP level 3. HP: 23/25 MP: 7/7
   395 | D:1      | Learned a level 2 spell: Momentum Strike
   624 | D:1      | Found a faded altar of an unknown god.
   665 | D:1      | Prayed at the altar of an unknown god.
   665 | D:1      | Became a worshipper of Vehumet
   665 | D:1      | Reached * piety under Vehumet
   665 | D:1      | Offered knowledge of Magic Dart by Vehumet.
  1175 | D:2      | Learned a level 1 spell: Magic Dart
  1214 | D:2      | Reached skill level 3 in Conjurations
  1986 | D:3      | Reached XP level 4. HP: 33/33 MP: 8/8
  2293 | D:3      | Offered knowledge of Poisonous Vapours by Vehumet.
  2299 | D:3      | Learned a level 2 spell: Poisonous Vapours
  2486 | D:4      | Reached ** piety under Vehumet
  2575 | D:4      | Found an iron altar of Okawaru.
  2575 | D:4      | Found the Hermit's Pendant {Faith Invo=14 Evo=0 MP+5}
  2598 | D:4      | Reached XP level 5. HP: 24/38 MP: 9/9
  2779 | D:4      | Found Nunaq's Distillery.
  2782 | D:4      | Found a glowing drain.
  2819 | D:4      | Reached skill level 4 in Conjurations
  2825 | Sewer    | Entered a sewer
  2836 | Sewer    | Offered knowledge of Dazzling Flash by Vehumet.
  3056 | D:4      | Reached *** piety under Vehumet
  3113 | D:4      | Reached XP level 6. HP: 37/44 MP: 16/16
  3238 | D:4      | Reached skill level 5 in Conjurations
  3362 | D:5      | Entered Level 5 of the Dungeon
  3362 | D:5      | Noticed a water moccasin
  3366 | D:5      | Killed a water moccasin
  3374 | D:5      | Noticed Sigmund
  3385 | D:5      | Killed Sigmund
  3386 | D:5      | Reached XP level 7. HP: 10/50 MP: 6/17
  3522 | D:5      | Reached skill level 6 in Conjurations
  3883 | D:4      | Offered knowledge of Iskenderun's Mystic Blast by Vehumet.
  4434 | D:5      | Reached skill level 7 in Conjurations
  4550 | D:5      | Reached XP level 8. HP: 53/56 MP: 18/18
  5167 | D:6      | Reached **** piety under Vehumet
  5168 | D:6      | Reached skill level 8 in Conjurations
  5205 | D:6      | Found a burning altar of Makhleb.
  5368 | D:6      | Learned a level 8 spell: Ignition
  5414 | D:6      | Reached skill level 1 in Fire Magic
  5442 | D:6      | Offered knowledge of Fireball by Vehumet.
  5480 | D:6      | Slain by a killer bee

Illustrated notes

Levels and vault maps discovered:
D:1:      saegor_arrival_simple_d, layout_basic, shapermc_ecumenical_altar_petra
D:2:      layout_loops_ring
D:3:      layout_basic, grunt_ministairs_8, dreamdust_princess_corridor,
          dk_noncrumbling_3
D:4:      layout_loops_ring, lemuel_tele_altar, serial_shops, shop,
          gup_sewer_entry_glass
D:5:      layout_cave_pods, minmay_ogre_servants, uniq_sigmund
D:6:      layout_loops_cross, mainiacjoe_overflow_boulevard

Skill      XL: |  1  2  3  4  5  6  7  8 |
---------------+-------------------------+-----
Necromancy     | 1 2 |  2.4
Conjurations   | 3 4 5 7 8 |  8.2
Spellcasting   | 4 |  4.7
Fire Magic     | 2 |  2.3
Fighting       | |  2.0
Maces & Flails | |  2.9
Dodging        | |  1.5

Action                     |  1- 3 |  4- 6 |  7- 9 || total
---------------------------+-------+-------+-------++-------
  Melee: Mace              |    49 |       |       ||    49
         Flail             |    57 |    90 |    43 ||   190
         Punch             |     1 |       |       ||     1
   Cast: Kiss of Death     |     1 |       |       ||     1
         Magic Dart        |     6 |    35 |   100 ||   141
         Momentum Strike   |       |     7 |    24 ||    31
         Poisonous Vapours |       |       |     1 ||     1
  Evoke: Wand              |       |       |     2 ||     2
    Use: Scroll            |       |       |    13 ||    13
 Armour: Leather armour    |    46 |    56 |    52 ||   154
  Dodge: Dodged            |    80 |   108 |    78 ||   266
  Block: Buckler           |       |       |     7 ||     7
